 Dungeon Crawl Stone Soup version 0.31-a0-175-g9f7f995f2b (webtiles) character file.

Game seed: 10753762200179950712

1528 TittyCrusher the Destroyer (level 8, -1/45 HPs)
             Began as a Deep Elf Fire Elementalist on June 16, 2023.
             Was a Follower of Vehumet.
             Slain by an orc warrior
             ... wielding a +0 war axe
              (15 damage)
             ... on level 6 of the Dungeon.
             The game lasted 00:25:48 (5929 turns).

TittyCrusher the Destroyer (DEFE)                   Turns: 5929, Time: 00:25:48

Health: -1/45      AC:  3    Str:  5    XL:     8   Next: 55%
Magic:  10/19      EV: 12    Int: 29    God:    Vehumet [*.....]
Gold:   100        SH:  0    Dex: 15    Spells: 0/19 levels left

rFire   . . .        a - +4 whip (elec)
rCold   . . .        (no shield)
rNeg    . . .        y - +0 robe {Will+}
rPois   .            p - +0 helmet
rElec   .            m - scarf {harm}
rCorr   .            (no gloves)
SInv    .            (no boots)
Will    +....        d - amulet of regeneration
Stlth   ++           g - +6 ring of intelligence
HPRegen 1.07/turn    (no ring)
MPRegen 0.16/turn

%: harm (+30% outgoing, +20% incoming)
@: on berserk cooldown, slowed, very slow
A: no striking features
a: Renounce Religion


You were on level 6 of the Dungeon.
You worshipped Vehumet.
Vehumet was aware of your devotion.
You visited 1 branch of the dungeon, and saw 7 of its levels.

You collected 352 gold pieces.
You spent 252 gold pieces at shops.

Inventory:

Hand Weapons
 a - a +4 whip of electrocution (weapon)
 h - the +6 shillelagh "Devastator" {shatter}
   (You found it on level 2 of the Dungeon)
Missiles
 c - 72 stones (quivered)
Armour
 m - a scarf of harm (worn)
 p - a +0 helmet (worn)
 y - a +0 robe of willpower (worn)
Jewellery
 d - an amulet of regeneration (around neck)
 g - a +6 ring of intelligence (left hand)
 u - a ring of ice
Scrolls
 e - a scroll of silence {unknown}
 k - a scroll of butterflies {unknown}
 l - a scroll of torment {unknown}
 n - a scroll of immolation {unknown}
 q - a scroll of noise {unknown}
 s - a scroll of fear {unknown}
 v - a scroll of revelation {unknown}
Potions
 b - a potion of magic
 f - 3 potions of lignification
 i - a potion of brilliance
 j - a potion of haste
 r - 2 potions of mutation {unknown}
 t - a potion of heal wounds {unknown}
 w - a potion of enlightenment {unknown}


   Skills:
 - Level 2.3 Fighting
 - Level 2.4 Dodging
 - Level 2.4 Stealth
 - Level 6.0 Spellcasting
 - Level 8.0 Conjurations
 - Level 1.2 Translocations
 + Level 7.1 Fire Magic


You couldn't memorise any spells.
You knew the following spells:

 Your Spells              Type           Power      Damage    Failure   Level
a - Foxfire               Conj/Fire      100%       2x1d9     1%          1
b - Scorch                Fire           98%        2d9       1%          2
c - Volatile Blastmotes   Fire/Tloc      64%        2d15      3%          3
d - Inner Flame           Hex/Fire       29%        N/A       4%          3
e - Hailstorm             Conj/Ice       32%        3d8       3%          3
f - Fireball              Conj/Fire      25%        3d11      7%          5
g - Blink                 Tloc           30%        N/A       4%          2

Your spell library contained the following spells:

 Spells                   Type           Power      Damage    Failure   Level
 Sandblast                Erth           16%        2d6       5%          1
 Momentum Strike          Conj/Tloc      70%        3d9       1%          2
 Flame Wave               Conj/Fire      51%        2d13      2%          4
 Lesser Beckoning         Tloc           30%        N/A       4%          2
 Freeze                   Ice            32%        1d5       5%          1
 Summon Small Mammal      Summ           32%        N/A       5%          1
 Sublimation of Blood     Necr           8%         N/A       9%          2
 Wereblood                Tmut           8%         N/A       9%          2
 Call Canine Familiar     Summ           8%         N/A       17%         3
 Frozen Ramparts          Ice            16%        1d3       17%         3
 Summon Guardian Golem    Hex/Summ       8%         N/A       17%         3
 Starburst                Conj/Fire      25%        6d8       36%         6
 Plasma Beam              Fire/Air       14%        2x1d25    90%         6
 Summon Hydra             Summ           4%         N/A       100%        7


Dungeon Overview and Level Annotations

Branches:
Dungeon (7/15)             Temple (0/1) D:4

Altars:
Dithmenos
Elyvilon
Nemelex Xobeh
Ru
Sif Muna
Vehumet
Zin

Shops:
D:1 :   D:6 =

Annotations:
D:3 1 runed translucent door, Crazy Yiuf
D:6 exclusion: downstairs
D:7 1 exclusion, Dowan, Duvessa


Message History

The foxfire hits the orc warrior but does no damage.
The orc warrior is lightly wounded.
The foxfire hits the orc warrior.
The orc warrior is moderately wounded.
Casting: Foxfire (safe; 1% risk of failure)
Confirm with . or Enter, or press ? or * to list all spells.
Flames lash the orc warrior but do no damage.
The foxfire hits the orc warrior but does no damage.
The orc warrior is moderately wounded.
The foxfire hits the orc warrior but does no damage.
The orc warrior is moderately wounded.
Casting: Scorch (safe; 1% risk of failure)
Confirm with . or Enter, or press ? or * to list all spells.
Flames lash the orc warrior but do no damage.
The orc warrior hits you with a +0 war axe!
Unknown command.
Casting: Scorch (safe; 1% risk of failure)
Confirm with . or Enter, or press ? or * to list all spells.
Flames lash the orc warrior.
The orc warrior is heavily wounded.
The orc warrior's fire resistance burns away.
The orc warrior hits you with a +0 war axe.
The orc warrior barely misses you.
Casting: Scorch (safe; 1% risk of failure)
Confirm with . or Enter, or press ? or * to list all spells.
You conjure some foxfire!
The orc warrior hits you with a +0 war axe!
The orc warrior closely misses your foxfire.
The orc warrior hits your foxfire with a +0 war axe!
Unknown command.
Casting: Foxfire (safe; 1% risk of failure)
Confirm with . or Enter, or press ? or * to list all spells.
You conjure some foxfire!
The orc warrior is no longer more vulnerable to fire.
The foxfire hits the orc warrior.
The orc warrior is severely wounded.
The foxfire hits the orc warrior.
The orc warrior is severely wounded.
The orc warrior hits you with a +0 war axe! x2
You die...

#.######.#..§....# #. #.#
#......####§##### #. #.#
#.##.#.# #.§.>.# #. #.#
#.##.#.# #####.########.
#.####.##.#.# #.#........
#.........#.# #.#.###..##
#..##.#####§# #.#.# #..#
#..##.# ##>########.#.# #..##
#..##.# #..v@o........###.#.#
#..##.####..v...####.......##.
#...............# ##..##.....
#...........###.# #..##.####
#######...........# #..##.#
#.....#..###.####.# #..##.#
#.###.#...#.).###.# #..##.#
#.#.............#.#####..##.#
#.#.#.#.<.#[..#.#.........<.#


You could see an orc warrior (ally target).

Vanquished Creatures
  A steam dragon (D:6)
  An orc warrior (D:5)
  Pargi (D:3)
  2 ogres (D:4)
  A centaur (D:5)
  A scorpion (D:6)
  5 hounds
  3 jellies
  2 orc priests (D:5)
  8 orc wizards
  6 iguanas
  Robin (D:3)
  3 gnolls (D:3)
  7 adders
  A shadow imp (D:6)
  A white imp (D:6)
  A worm (D:4)
  3 dart slugs
  7 orcs
  6 endoplasms
  6 giant cockroaches
  14 goblins
  19 hobgoblins
  3 jackals
  3 quokkas
  11 ball pythons
  7 bats
  2 frilled lizards
  A kobold (D:3)
  4 rats
131 creatures vanquished.

Vanquished Creatures (others)
  325 foxfires
325 creatures vanquished.

Grand Total: 456 creatures vanquished

Notes
Turn   | Place    | Note
-------+----------+-------------------------------------------
     0 | D:1      | TittyCrusher the Deep Elf Fire Elementalist began the quest
                  | for the Orb.
     0 | D:1      | Reached XP level 1. HP: 10/10 MP: 6/6
   222 | D:1      | Found Lidieleck's Book Shop.
   267 | D:1      | Reached XP level 2. HP: 15/15 MP: 6/9
   270 | D:1      | Learned a level 2 spell: Scorch
  1039 | D:2      | Reached skill level 5 in Spellcasting
  1039 | D:2      | Reached XP level 3. HP: 19/19 MP: 7/11
  1043 | D:2      | Learned a level 3 spell: Volatile Blastmotes
  1047 | D:2      | Learned a level 3 spell: Inner Flame
  1051 | D:2      | Learned a level 3 spell: Hailstorm
  1301 | D:2      | Reached XP level 4. HP: 24/24 MP: 8/14
  1568 | D:2      | Found the +6 shillelagh "Devastator" {shatter}
  2149 | D:3      | Found a faded altar of an unknown god.
  2374 | D:3      | Noticed Pargi
  2383 | D:3      | Killed Pargi
  2384 | D:3      | Reached skill level 5 in Fire Magic
  2384 | D:3      | Reached XP level 5. HP: 28/28 MP: 8/15
  2500 | D:3      | Noticed Robin
  2523 | D:3      | Killed Robin
  2754 | D:3      | Found a sacrificial altar of Ru.
  2780 | D:3      | Found a radiant altar of Vehumet.
  2794 | D:3      | Became a worshipper of Vehumet
  2963 | D:3      | Found a runed translucent door.
  2964 | D:3      | Noticed Crazy Yiuf
  3055 | D:3      | Reached XP level 6. HP: 30/33 MP: 14/17
  3106 | D:3      | Learned a level 5 spell: Fireball
  3216 | D:4      | Reached skill level 1 in Fighting
  3220 | D:4      | Found a staircase to the Ecumenical Temple.
  3329 | D:4      | Reached skill level 2 in Conjurations
  3398 | D:4      | Found a glowing silver altar of Zin.
  3417 | D:4      | Found a shadowy altar of Dithmenos.
  3460 | D:4      | Reached skill level 3 in Conjurations
  3541 | D:4      | Reached XP level 7. HP: 40/40 MP: 13/18
  3625 | D:4      | Reached skill level 4 in Conjurations
  3727 | D:5      | Entered Level 5 of the Dungeon
  4085 | D:5      | Reached * piety under Vehumet
  4085 | D:5      | Offered knowledge of Sandblast by Vehumet.
  4086 | D:5      | Reached skill level 5 in Conjurations
  4247 | D:5      | Reached skill level 6 in Conjurations
  4330 | D:5      | Found a sparkling altar of Nemelex Xobeh.
  4357 | D:5      | Found a shimmering blue altar of Sif Muna.
  4497 | D:5      | Reached skill level 7 in Conjurations
  4497 | D:5      | Reached XP level 8. HP: 45/45 MP: 15/19
  4736 | D:5      | Reached skill level 8 in Conjurations
  4932 | D:1      | Bought a book of Spatial Translocations for 252 gold pieces
  4935 | D:1      | Learned a level 2 spell: Blink
  5200 | D:6      | Reached skill level 1 in Translocations
  5458 | D:6      | Found Baif's Jewellery Shoppe.
  5736 | D:6      | Found a white marble altar of Elyvilon.
  5853 | D:7      | Noticed Duvessa
  5853 | D:7      | Noticed Dowan
  5929 | D:6      | Slain by an orc warrior

Illustrated notes

Levels and vault maps discovered:
D:1:      dpeg_arrival_chambers_temple_mockup, layout_basic, serial_shops,
          nicolae_square_shop
D:2:      layout_basic
D:3:      layout_basic, mainiacjoe_overflow_large_starburst,
          basic_ecumenical_altar, minmay_joined_circles, uniq_pargi, uniq_robin,
          uniq_crazy_yiuf_cottage
D:4:      minmay_inner_zag, layout_rooms, lemuel_crystal_altar,
          old_standard_altar, minmay_temple_entry_arrows
D:5:      layout_basic, mainiacjoe_overflow_small_starburst,
          nicolae_sif_muna_condensation, minivault_25
D:6:      layout_loops_ring, elyvilon_altar_3, serial_shops,
          nicolae_lakefront_shop
D:7:      gammafunk_steamed_eel, layout_loops_cross,
          mainiacjoe_overflow_surrounded_room, mainiacjoe_overflow_brackets,
          evilmike_ruin_ashenzari, chequers_serial_rivers_room_b,
          nicolae_elevator_lobby_plus, uniq_duvessa

Skill      XL: |  1  2  3  4  5  6  7  8 |
---------------+-------------------------+-----
Spellcasting   | 4 5 6 |  6.0
Fire Magic     | 5 7 |  7.1
Fighting       | 2 |  2.3
Conjurations   | 3 7 8 |  8.0
Translocations | 1 |  1.2
Dodging        | |  2.4
Stealth        | |  2.4

Action                     |  1- 3 |  4- 6 |  7- 9 || total
---------------------------+-------+-------+-------++-------
  Melee: Whip              |       |    10 |     6 ||    16
  Throw: Stone             |     3 |     1 |       ||     4
   Cast: Foxfire           |    46 |    91 |    70 ||   207
         Scorch            |       |    11 |    37 ||    48
         Volatile Blastmot |       |     2 |       ||     2
         Blink             |       |       |     2 ||     2
    Use: Scroll            |       |       |     9 ||     9
         Potion            |       |       |     6 ||     6
 Armour: Robe              |     1 |     8 |       ||     9
         Leather armour    |       |       |     6 ||     6
  Dodge: Dodged            |     5 |    31 |    25 ||    61

Table legend: (Time is in decaauts)
 A = Elapsed time spent in this place.
 B = Non-inter-level travel time spent in this place.
 C = Inter-level travel time spent in this place.
 D = Time resting spent in this place.
 E = Time spent auto-exploring this place.
 F = Levels seen in this place.
 G = Mean time per level.
                   A        B        C        D        E       F      G
               +--------+--------+--------+--------+--------+-----+--------+
         Total |   5914 |   5324 |    590 |    210 |   2579 |   7 |  844.9 |
       Dungeon |   5914 |   5324 |    590 |    210 |   2579 |   7 |  844.9 |
               +--------+--------+--------+--------+--------+-----+--------+

Top non-repeatable levels by time:
     D:3: 1235 daAuts
     D:1: 1075 daAuts
     D:5: 1038 daAuts
     D:2: 1010 daAuts
     D:6: 799 daAuts
     D:4: 736 daAuts
     D:7: 18 daAuts
